Map: Ever Dream LE

Players

LiquidClem (Clem)

  • Race: Terran Terran
  • League: Master
  • Spawn Location: 1:00

MaxPax - Winner!

  • Race: Protoss Protoss
  • League: Master
  • Spawn Location: 7:00

VOD

Have the link to the VOD?

Description

Time

  • Played on: June 14, 2020, 12:40 p.m.
  • Length: 16:47
Show
View Real Time Build Order
Export as new Build Order

LiquidClem Terran 

Build Orders: Gas First Reaper Expand 

Get SALT Encoding   

  12  0:00  SCV  
  13  0:12  SCV  
  14  0:17  Supply Depot  
  14  0:24  SCV  
  15  0:31  Refinery  
  15  0:38  SCV  
  16  0:43  Barracks  
  16  0:50  SCV  
  17  1:02  SCV  
  18  1:14  SCV  
  19  1:30  Reaper, Orbital Command  
  20  1:44  Command Center  
  20  1:54  Factory  
  20  1:58  SCV  
  21  2:09  Barracks Reactor  
  21  2:10  Supply Depot  
  21  2:12  SCV  
  22  2:23  Bunker  
  23  2:30  SCV  
  23  2:31  Refinery  
  23  2:42  SCV  
  24  2:46  Marine  
  24  2:47  Marine, Starport  
  24  2:49  Hellion  
  28  2:54  SCV  
  29  3:02  Orbital Command  
  29  3:09  Marine x2  
  29  3:10  SCV  
  32  3:17  Hellion  
  34  3:23  Medivac  
  34  3:24  SCV  
  37  3:28  SCV  
  37  3:29  Marine x2  
  37  3:34  Supply Depot  
  40  3:40  Hellion  
  40  3:41  SCV x2  
  42  3:47  Marine  
  42  3:48  Marine  
  43  3:53  SCV, Supply Depot  
  44  3:57  Viking  
  44  3:59  SCV  
  44  4:02  Factory Tech Lab  
  47  4:05  SCV, Marine  
  47  4:06  Marine  
  50  4:11  SCV  
  50  4:16  Supply Depot  
  51  4:17  SCV  
  51  4:23  Cyclone, Marine x2  
  55  4:29  SCV  
  56  4:33  SCV  
  57  4:43  Command Center  
  57  4:44  Viking  
  57  4:45  SCV  
  60  4:49  SCV  
  61  4:53  Marine x2  
  61  4:54  Supply Depot  
  61  5:01  Barracks  
  61  5:02  Barracks  
  61  5:04  SCV x2  
  63  5:11  Marine x2  
  63  5:13  Siege Tank  
  68  5:14  Starport Tech Lab  
  68  5:16  SCV  
  68  5:18  Supply Depot  
  68  5:20  SCV  
  70  5:23  Refinery  
  70  5:27  Engineering Bay  
  70  5:28  Engineering Bay  
  70  5:30  SCV  
  70  5:32  SCV  
  72  5:42  Starport Reactor  
  72  5:43  SCV, Refinery, Marine x2  
  72  5:48  SCV  
  76  5:50  Supply Depot  
  76  5:54  Factory Reactor  
  76  5:55  SCV  
  77  5:57  Terran Infantry Weapons Level 1, Terran Infantry Armor Level 1  
  77  5:59  Orbital Command  
  77  6:00  Stimpack  
  77  6:02  Combat Shield  
  77  6:06  Marauder  
  77  6:08  Marauder  
  81  6:11  Marine x2  
  81  6:13  Supply Depot  
  81  6:16  SCV  
  81  6:17  SCV, Orbital Command  
  85  6:20  Missile Turret  
  85  6:24  Missile Turret  
  84  6:29  Medivac, Marine x2  
  84  6:31  Medivac  
  90  6:34  Supply Depot, Marauder  
  90  6:37  Marauder  
  92  6:41  Widow Mine x2  
  92  6:43  SCV x3  
  99  6:50  Marine x2  
  101  6:57  SCV, Supply Depot, Marauder  
  101  6:58  Marauder  
  106  7:07  Marine  
  106  7:08  Armory  
  107  7:13  Marine, Barracks x2  
  108  7:16  SCV x2  
  108  7:20  Supply Depot  
  110  7:27  Marauder x2  
  107  7:30  SCV  
  107  7:34  Marine x2  
  107  7:35  SCV  
  100  7:38  SCV  
  100  7:44  Medivac x2  
  93  7:45  Widow Mine x2  
  93  7:47  SCV  
  93  7:48  Marauder x2  
  96  7:53  Marine x2  
  96  7:54  SCV  
  98  7:59  SCV  
  98  8:00  Terran Infantry Weapons Level 2  
  98  8:02  Barracks Reactor, Barracks Tech Lab  
  98  8:04  Terran Infantry Armor Level 2  
  98  8:09  Marauder  
  100  8:13  Marine  
  100  8:14  SCV, Marine, Starport  
  100  8:15  SCV  
  100  8:18  Marauder  
  106  8:20  SCV  
  106  8:22  Refinery  
  106  8:23  Refinery  
  107  8:27  Viking  
  107  8:29  Viking  
  107  8:30  SCV  
  107  8:31  Marauder  
  107  8:32  Marauder  
  116  8:36  Marine x2  
  116  8:38  SCV  
  116  8:39  Missile Turret  
  116  8:40  SCV, Marauder, Marine x2  
  121  8:42  SCV  
  121  8:47  Supply Depot  
  122  8:50  SCV, Ghost Academy  
  122  8:53  SCV  
  122  8:55  Marine x2  
  126  8:57  Viking x2, SCV  
  126  9:00  Viking  
  133  9:03  Viking  
  133  9:07  Marine  
  133  9:09  SCV  
  136  9:10  SCV, Supply Depot  
  136  9:12  Marauder  
  136  9:13  Marine  
  136  9:14  Marine  
  139  9:17  SCV  
  139  9:19  Ghost  
  139  9:20  Supply Depot, Ghost  
  139  9:22  Marine  
  139  9:24  Supply Depot  
  145  9:25  Marine  
  145  9:30  Viking  
  148  9:32  Ghost  
  148  9:36  Viking  
  151  9:40  Command Center  
  151  9:43  Viking  
  153  9:46  Marine x2  
  153  9:47  Supply Depot  
  153  9:52  Viking  
  157  10:00  Viking, Marine x2  
  157  10:03  Supply Depot  
  157  10:05  Missile Turret  
  157  10:06  Viking, Marine x2  
  165  10:08  Marauder  
  165  10:10  Ghost  
  165  10:13  Viking  
  171  10:14  Supply Depot  
  171  10:20  Marine x2  
  171  10:21  Ghost  
  165  10:30  Viking  
  165  10:33  Marine x2  
  162  10:38  Viking x2  
  162  10:39  Marine x2  
  162  10:40  Ghost  
  168  10:54  Barracks  
  168  10:55  Barracks x2  
  168  10:57  SCV x2  
  168  10:58  Marine x4  
  168  11:00  Ghost  
  168  11:04  Viking, Marauder, Refinery  
  178  11:08  Refinery  
  178  11:10  Ghost  
  180  11:12  Viking  
  178  11:20  Viking x2  
  180  11:27  Marine x3  
  180  11:32  Planetary Fortress  
  181  11:34  Viking  
  181  11:35  SCV  
  181  11:38  Ghost  
  154  11:47  Marine x3  
  154  11:50  Viking x3  
  154  11:51  Marine  
  164  12:01  Ghost  
  146  12:07  Terran Infantry Weapons Level 3  
  146  12:08  Barracks x2  
  145  12:12  SCV x4  
  149  12:18  Factory Reactor, Starport  
  149  12:19  Barracks Tech Lab x2  
  149  12:20  Barracks Reactor, Marine x3  
  149  12:21  Marine  
  149  12:22  Ghost  
  153  12:25  Ghost  
  157  12:31  SCV x2  
  157  12:36  Marauder  
  161  12:38  Terran Ship Weapons Level 1  
  161  12:43  Terran Infantry Armor Level 3  
  161  12:48  Command Center  
  161  12:51  Marauder  
  161  12:53  Marine x4  
  161  12:56  Viking  
  164  13:00  Viking  
  164  13:01  Starport Reactor  
  166  13:06  Viking  
  166  13:10  Viking  
  164  13:23  Command Center  
  164  13:27  Viking  
  166  13:29  Marauder x2  
  170  13:36  Viking  
  170  13:37  Marauder x2, Marine x2  
  170  13:40  Viking x2  
  182  13:46  Personal Cloaking  
  182  13:49  Ghost Academy  
  182  13:55  Viking x2  
  186  13:59  Marauder  
  188  14:09  Liberator  
  173  14:10  Liberator x2  
  173  14:15  Fusion Core  
  176  14:22  Marauder  
  178  14:26  Unknown  
  178  14:28  Viking x2, Marine  
  178  14:29  Marauder  
  124  14:38  Viking  
  175  14:43  Orbital Command  
  175  14:44  Planetary Fortress  
  175  14:52  Viking, Sensor Tower  
  175  14:53  Missile Turret x2  
  175  14:55  Nuke, Liberator  
  180  15:01  Viking  
  180  15:02  Viking  
  180  15:03  Medivac  
  186  15:09  Concussive Shells  
  186  15:12  Sensor Tower  
  186  15:20  Viking  
  184  15:26  Command Center  
  184  15:30  Nuke  
  184  15:41  Viking x5  
  181  15:56  Viking  
  129  16:04  Marine x3  
  129  16:05  Marine  
  129  16:07  Marine x2  
  129  16:10  Viking  
  129  16:11  Viking x4  
  134  16:15  Marine  
  134  16:16  Marine x3  
  135  16:22  Marine  
  135  16:25  Marine x3  
  133  16:31  Missile Turret  
Show
View Real Time Build Order
Export as new Build Order

MaxPax Protoss - Winner!

Build Orders: 1 Gate Expand, Phoenix Opening, Carriers 

Get SALT Encoding   

  12  0:00  Probe  
  13  0:12  Probe  
  14  0:18  Pylon  
  14  0:24  Probe  
  15  0:34  Probe  
  15  0:39  Gateway  
  15  0:42  Probe  
  16  0:47  Assimilator  
  17  0:51  Probe  
  18  1:03  Probe  
  19  1:15  Probe  
  20  1:22  Zealot  
  20  1:25  Nexus  
  22  1:40  Cybernetics Core  
  22  1:43  Probe  
  23  1:50  Pylon  
  23  2:00  Assimilator  
  23  2:07  Adept  
  24  2:08  Probe  
  24  2:20  Probe  
  27  2:25  Stargate  
  27  2:27  Adept  
  27  2:32  Probe  
  28  2:40  Probe  
  31  2:44  Probe  
  30  2:52  Probe, Warp Gate  
  30  2:57  Probe  
  32  3:00  Adept  
  32  3:04  Probe  
  35  3:09  Probe  
  34  3:15  Phoenix  
  34  3:16  Probe  
  37  3:21  Probe  
  37  3:23  Robotics Facility  
  38  3:28  Probe  
  38  3:32  Phoenix  
  38  3:33  Probe  
  38  3:34  Assimilator  
  40  3:40  Probe  
  43  3:45  Probe  
  44  3:52  Probe  
  44  3:53  Pylon  
  45  3:57  Probe, Assimilator  
  46  4:10  Phoenix  
  46  4:11  Probe x2  
  50  4:19  Immortal  
  50  4:23  Probe  
  52  4:28  Pylon  
  54  4:45  Phoenix  
  54  4:51  Probe x2  
  55  5:03  Probe x2  
  55  5:04  Observer  
  55  5:05  Phoenix  
  55  5:06  Nexus  
  58  5:07  Pylon  
  60  5:15  Probe  
  60  5:16  Probe  
  60  5:19  Pylon  
  62  5:26  Robotics Bay, Phoenix  
  63  5:33  Probe  
  65  5:36  Probe  
  64  5:44  Phoenix  
  64  5:45  Probe  
  64  5:48  Probe  
  66  5:51  Gateway  
  69  5:57  Probe  
  69  5:59  Shield Battery  
  69  6:00  Probe  
  69  6:01  Sentry  
  72  6:07  Colossus  
  72  6:10  Probe  
  73  6:11  Phoenix  
  73  6:12  Probe, Pylon  
  76  6:21  Probe  
  76  6:23  Probe  
  76  6:25  Probe  
  85  6:29  Observer  
  85  6:32  Extended Thermal Lance  
  85  6:33  Probe  
  85  6:35  Probe  
  85  6:37  Phoenix  
  87  6:40  Probe  
  87  6:46  Assimilator  
  91  6:47  Probe, Assimilator  
  91  6:51  Colossus  
  91  6:52  Probe  
  93  6:54  Shield Battery  
  98  7:02  Pylon  
  98  7:08  Sentry  
  100  7:15  Pylon  
  100  7:24  Shield Battery  
  98  7:33  Colossus  
  98  7:35  Phoenix  
  90  7:50  Probe  
  90  7:51  Probe x2  
  95  7:57  Stargate  
  95  8:00  Pylon, Phoenix  
  95  8:02  Probe  
  95  8:03  Probe  
  99  8:10  Probe  
  100  8:16  Probe, Sentry x2  
  100  8:17  Probe  
  100  8:18  Pylon  
  106  8:20  Nexus  
  106  8:22  Probe, Pylon  
  106  8:23  Pylon, Phoenix  
  109  8:27  Pylon  
  109  8:28  Disruptor  
  109  8:29  Probe  
  109  8:32  Probe, Pylon  
  114  8:34  Phoenix  
  114  8:35  Pylon  
  114  8:36  Forge, Robotics Facility  
  114  8:39  Probe  
  114  8:40  Phoenix  
  115  8:42  Probe, Protoss Air Weapons Level 1  
  115  8:44  Probe  
  115  8:48  Unknown  
  119  8:52  Probe, Shield Battery  
  119  8:54  Probe, Shield Battery, Observer  
  123  8:56  Pylon  
  123  8:57  Disruptor  
  123  9:05  Pylon  
  123  9:06  Pylon  
  123  9:08  Probe  
  123  9:09  Protoss Ground Weapons Level 1  
  127  9:10  Phoenix  
  127  9:16  Phoenix, Disruptor  
  131  9:18  Photon Cannon  
  131  9:26  Probe, Observer  
  131  9:28  Observer  
  135  9:32  Probe x2  
  135  9:35  Phoenix  
  135  9:36  Probe  
  140  9:41  Phoenix, Disruptor  
  140  9:43  Pylon  
  140  9:45  Photon Cannon  
  145  9:49  Observer  
  145  9:55  Disruptor  
  145  9:56  Fleet Beacon  
  145  10:00  Phoenix  
  145  10:01  Photon Cannon  
  145  10:03  Probe, Photon Cannon  
  145  10:04  Photon Cannon  
  145  10:06  Pylon, Phoenix  
  153  10:21  Observer  
  154  10:30  Disruptor  
  154  10:34  Phoenix  
  154  10:35  Anion Pulse-Crystals, Phoenix  
  157  10:42  Observer  
  156  10:48  Stargate  
  158  10:57  Phoenix  
  158  11:01  Photon Cannon  
  158  11:02  Photon Cannon  
  158  11:03  Disruptor  
  162  11:04  Phoenix  
  162  11:06  Zealot  
  162  11:07  Observer  
  158  11:22  Phoenix  
  158  11:25  Carrier  
  158  11:28  Observer  
  158  11:29  Phoenix  
  158  11:38  Disruptor  
  166  11:45  Phoenix  
  160  11:50  Observer  
  158  11:55  Phoenix  
  152  12:02  Carrier, Phoenix  
  150  12:10  Disruptor  
  150  12:11  Photon Cannon x2  
  150  12:14  Disruptor  
  158  12:19  Nexus  
  158  12:22  Pylon  
  164  12:24  Carrier, Pylon  
  164  12:25  Photon Cannon  
  164  12:27  Photon Cannon  
  164  12:29  Photon Cannon  
  164  12:31  Photon Cannon  
  164  12:32  Carrier, Photon Cannon  
  169  12:37  Pylon  
  169  12:44  Protoss Air Weapons Level 2  
  169  12:48  Photon Cannon  
  169  13:01  Carrier  
  168  13:10  Observer  
  168  13:21  Phoenix  
  168  13:28  Probe, Stargate  
  168  13:30  Protoss Shields Level 1  
  168  13:32  Phoenix  
  171  13:36  Probe x2  
  171  13:40  Probe, Photon Cannon  
  176  13:42  Pylon  
  176  13:43  Photon Cannon  
  176  13:45  Photon Cannon x2  
  176  13:46  Phoenix  
  178  13:55  Phoenix, Photon Cannon  
  178  13:57  Photon Cannon  
  178  14:00  Photon Cannon  
  179  14:03  Photon Cannon  
  179  14:05  Phoenix  
  179  14:07  Carrier, Phoenix  
  179  14:12  Phoenix  
  187  14:17  Probe  
  187  14:18  Probe  
  187  14:22  Observer  
  187  14:23  Photon Cannon  
  192  14:24  Photon Cannon  
  192  14:25  Photon Cannon  
  192  14:26  Photon Cannon x2  
  192  14:30  Phoenix x2  
  194  14:37  Phoenix  
  198  14:43  Observer  
  198  14:44  Observer  
  196  14:47  Assimilator x2  
  196  14:49  Phoenix x2  
  196  14:50  Photon Cannon  
  196  14:52  Photon Cannon  
  196  14:53  Photon Cannon  
  196  14:54  Photon Cannon  
  196  14:55  Stargate  
  200  15:17  Phoenix  
  200  15:26  Observer  
  200  15:54  Phoenix x2  
  178  15:58  Disruptor x2  
Tags
 
Add a new tag
Caveats
  • Supply blocks, unpowered buildings, or Contaminate may cause inaccurate times.
  • Supply counts are checked every 10 seconds.